 Dungeon Crawl Stone Soup version 0.19-a0-742-g4563caa (webtiles) character file.

2443 4thArraOfDagon the Cleaver (level 9, -7/82 HPs)
             Began as a Hill Orc Berserker on June 23, 2016.
             Was a Believer of Trog.
             Shot with a bolt by a yaktaur (10 damage)
             ... on level 13 of the Dungeon.
             The game lasted 00:16:32 (2369 turns).

4thArraOfDagon the Cleaver (Hill Orc Berserker)     Turns: 2369, Time: 00:16:32

Health: -7/82      AC:  7    Str: 21    XL:     9   Next: 49%
Magic:  9/9        EV:  8    Int:  9    God:    Trog [**....]
Gold:   112        SH:  0    Dex: 10    Spells: 0 memorised, 8 levels left

rFire  . . .     SeeInvis .     q - +5 rod of shadows (10/10)
rCold  . . .     Gourm    .     j - +0 chain mail
rNeg   . . .     Faith    .     (no shield)
rPois  .         Spirit   .     f - +0 helmet
rElec  .         Dismiss  .     (no cloak)
rCorr  .         Reflect  .     (no gloves)
SustAt .         Harm     .     (no boots)
MR     ++...                    (no amulet)
Stlth  ..........               (no ring)
                                (no ring)

@: regenerating, very resistant to hostile enchantments, extremely unstealthy
A: claws 1, talons 1, deformed body, wild magic 1
a: Berserk, Trog's Hand, Burn Spellbooks, Renounce Religion


You were on level 13 of the Dungeon.
You worshipped Trog.
Trog was pleased with you.
You were full.

You visited 1 branch of the dungeon, and saw 13 of its levels.
You also visited: Labyrinth and Sewer.

You collected 163 gold pieces.
You spent 51 gold pieces at shops.

Inventory:

Hand Weapons
 a - a +1 hand axe
 e - a +0 blowgun
 g - the +6 hand axe of Xeich {venom, MR++ Dex+6}
   (You found it in a labyrinth)

   It poisons the flesh of those it strikes.
   It affects your dexterity (+6).
   It affects your resistance to hostile enchantments.
 h - a +0 war axe
Armour
 f - a +0 helmet (worn)
 j - a +0 chain mail (worn)
 k - a +3 chain mail
 l - a +0 helmet of intelligence
 o - the +5 scale mail of Fortitude {rElec, unknown}
   (You found it in a labyrinth)

   It insulates you from electricity.
 r - a troll hide {Purgy}
Rods
 q - a +5 rod of shadows (10/10) (in claw)
   (You found it in a labyrinth)
Jewellery
 s - an uncursed amulet of regeneration {unknown}
 t - a +3 ring of strength {unknown}
 u - a +2 ring of dexterity {unknown}
Wands
 i - a wand of flame (41/48)
 v - a wand of paralysis (18/24)
 w - a wand of lightning (8/15)
 x - a wand of acid (8/15)
Scrolls
 b - 3 scrolls of remove curse
 d - a scroll of magic mapping
 m - a scroll of enchant weapon
Potions
 n - a potion of heal wounds
 p - a potion of brilliance
Miscellaneous
 y - a fan of gales (inert)
Comestibles
 c - 4 bread rations


   Skills:
 + Level 8.4 Fighting
 * Level 11.8 Axes
 + Level 7.1 Armour
 - Level 1.5 Dodging


You had 8 spell levels left.
You didn't know any spells.

Dungeon Overview and Level Annotations

Branches:
Dungeon (13/15)            Temple (0/1) D:4            Lair (0/6) D:10
    Orc (0/2) D:12
 Vaults: D:13-14

Altars:
Gozag
Okawaru
Zin

Shops:
D:7 *

Annotations:
D:10 exclusion: ice statue, Fannar
D:12 Frances


Innate Abilities, Weirdness & Mutations

You have sharp fingernails.
You have sharp toenails.
Armour fits poorly on your strangely shaped body.
Your spells are a little harder to cast, but a little more powerful.


Message History

Unknown command.
Unknown command.
Okay, then.
Okay, then.
Okay, then.
Unknown command.
Press: ? - help, v - describe, . - travel A stone staircase leading up.
Unknown command.
Unknown command.
Unknown command.
Unknown command.
Unknown command.
A yak comes into view.
The yak bellows!
The orc hits you.
The yaktaur wields a glowing arbalest.
It is covered in frost.
The yaktaur shoots a bolt.
The bolt hits you!!
* * * LOW HITPOINT WARNING * * *
The bolt freezes you!
You die...

Y.......# .##
..Y.....##.(###
...............
.....[.........
.............
......[....
.....h...##
.......@o.######
........<.......
#...........c...
##.#.c..Z.......
....##.8........
##.. .PP........
#. ##..88......
# ##.........
#.........


You could see a centaur warrior, a yaktaur, 2 yaks, a hound, an orc and a
centaur zombie.

Vanquished Creatures
  Sigmund (D:5)
  A yak (D:11)
  A hippogriff (D:7)
  Purgy (Sewer)
  A water moccasin (D:11)
  3 sky beasts
  A black bear (D:11)
  A centaur (D:8)
  3 ogres
  A crocodile (D:12)
  A giant frog (D:7)
  A water moccasin skeleton (D:6)
  11 killer bees
  A scorpion (D:4)
  2 crimson imps (D:11)
  A hound (D:8)
  A jelly (D:8)
  An orc wizard (D:7)
  2 orc priests (D:7)
  Jessica (D:3)
  A giant frog skeleton (D:8)
  An iguana (D:11)
  A worker ant (D:8)
  A hound zombie (D:9)
  3 adders
  A shadow imp (D:8)
  2 dart slugs
  3 orcs
  2 giant cockroaches
  2 goblins (D:2)
  2 hobgoblins
  2 quokkas
  A ball python (Sewer)
  5 bats
  8 giant newts
71 creatures vanquished.

Vanquished Creatures (others)
  Erolcha (D:11)
  The ghost of Stormphoenix the Impaler, a journeyman DsGl of Makhleb (D:11)
2 creatures vanquished.

Grand Total: 73 creatures vanquished

Notes
Turn   | Place    | Note
--------------------------------------------------------------
     0 | D:1      | 4thArraOfDagon the Hill Orc Berserker began the quest for the Orb.
     0 | D:1      | Reached XP level 1. HP: 19/19 MP: 1/1
     0 | D:1      | 4thArraOfDagon: o hi
    57 | D:2      | Found a faded altar of an unknown god.
    66 | D:2      | HP: 1/20 [goblin/stone (2)]
    77 | D:2      | Reached XP level 2. HP: 24/27 MP: 2/2
   184 | D:3      | Noticed Jessica
   192 | D:3      | Killed Jessica
   192 | D:3      | Reached skill level 5 in Axes
   192 | D:3      | Reached XP level 3. HP: 23/33 MP: 3/3
   243 | D:4      | Noticed a scorpion
   292 | D:4      | Found a staircase to the Ecumenical Temple.
   303 | D:4      | Reached ** piety under Trog
   303 | D:4      | Reached XP level 4. HP: 37/40 MP: 4/4
   371 | D:5      | Entered Level 5 of the Dungeon
   371 | D:5      | Noticed Sigmund
   373 | D:5      | Found an opulent altar of Gozag.
   373 | D:5      | Found a glowing silver altar of Zin.
   390 | D:5      | Killed Sigmund
   390 | D:5      | Reached skill level 5 in Fighting
   390 | D:5      | Reached skill level 6 in Axes
   390 | D:5      | Reached XP level 5. HP: 13/48 MP: 5/5
   390 | D:5      | Reached XP level 6. HP: 15/56 MP: 6/6
   509 | D:6      | Noticed a sky beast
   519 | D:6      | Killed a sky beast
   519 | D:6      | Reached skill level 7 in Axes
   618 | D:6      | Found a glowing drain.
   627 | Sewer    | Entered a sewer
   655 | Sewer    | jacquesderrida: daaaaaaaaaaaaaang
   664 | Sewer    | jacquesderrida: It's the frog realm
   684 | Sewer    | jacquesderrida: You hear a distant 'Reeee!' x2
   702 | Sewer    | magipi: wow, a strong combo
   710 | Sewer    | Noticed Purgy
   710 | Sewer    | magipi: hi
   722 | Sewer    | jacquesderrida: Thank
   725 | Sewer    | Killed Purgy
   725 | Sewer    | Reached XP level 7. HP: 62/62 MP: 7/7
   848 | D:7      | Found an iron altar of Okawaru.
   850 | D:7      | Noticed a hippogriff
   856 | D:7      | Reached skill level 8 in Axes
   863 | D:7      | Killed a hippogriff
   868 | D:7      | Reached skill level 5 in Armour
   987 | D:7      | Reached skill level 9 in Axes
   987 | D:7      | Reached XP level 8. HP: 71/71 MP: 8/8
  1072 | D:7      | Found Zuemah's Assorted Antiques.
  1075 | D:7      | Bought a sedimented silvery potion for 24 gold pieces
  1075 | D:7      | Bought a scroll labeled TESHEJ BEAGIM for 27 gold pieces
  1127 | D:7      | :(
  1188 | D:8      | Reached skill level 10 in Axes
  1223 | D:8      | Gained mutation: You have sharp toenails. [mutagenic meat]
  1224 | D:8      | Gained mutation: You have sharp fingernails. [mutagenic meat]
  1225 | D:8      | Gained mutation: Your spells are a little harder to cast, but a little more powerful. [mutagenic meat]
  1226 | D:8      | Gained mutation: Armour fits poorly on your strangely shaped body. [mutagenic meat]
  1251 | D:8      | magipi: what the fuck is with bees
  1285 | D:8      | jacquesderrida: they are killers
  1324 | D:8      | magipi: 3 groups on 2 floors?
  1412 | D:9      | jacquesderrida: Yes
  1491 | D:10     | Entered Level 10 of the Dungeon
  1494 | D:10     | Noticed a yak
  1495 | D:10     | Found a staircase to the Lair.
  1497 | D:10     | Noticed a yak
  1500 | D:10     | jacquesderrida: They all are parts of an organised crime group
  1515 | D:11     | Killed Erolcha
  1516 | D:11     | Killed a yak
  1516 | D:11     | Reached skill level 11 in Axes
  1516 | D:11     | Reached XP level 9. HP: 74/80 MP: 9/9
  1544 | D:11     | Killed Stormphoenix's ghost
  1611 | D:10     | Noticed an ice statue
  1901 | D:10     | Noticed Fannar
  1974 | D:12     | Found a labyrinth entrance.
  1979 | D:12     | Noticed Frances
  1982 | Lab      | Entered a labyrinth
  1983 | Lab      | :(
  2267 | Lab      | Noticed a minotaur
  2311 | Lab      | BLOAX: oh shit it's dat realm
  2311 | Lab      | BLOAX: You hear a distant "REEEE!!" x6
  2352 | Lab      | Got an ichor-stained hand axe
  2352 | Lab      | Got a transparent scale mail
  2355 | Lab      | Identified the +6 hand axe of Xeich {venom, MR++ Dex+6} (You found it in a labyrinth)
  2356 | Lab      | Identified a +5 rod of shadows (10/10) (You found it in a labyrinth)
  2368 | D:13     | Noticed a centaur warrior
  2368 | D:13     | Noticed a yaktaur
  2369 | D:13     | magipi: wow
  2369 | D:13     | HP: 3/82 [yaktaur/bolt (26)]
  2369 | D:13     | Shot with a bolt by a yaktaur

Vault maps used:
D:1:      co_arrival_random_square_maze, minivault_24
D:2:      yredelemnul_altar_generic, ecumenical_altar_2
D:3:      first_bread, uniq_jessica
D:4:      uniq_menkaure
D:5:      grunt_temple_overflow_gold_and_silver, uniq_sigmund
D:6:      portal_sewer_entry_d
D:7:      old_standard_altar, serial_shops, kennysheep_mini, grunt_ogre_cave,
          okawaru_gym_becter, uniq_pikel, uniq_crazy_yiuf_cottage
D:8:      uniq_joseph, uniq_grum
D:9:      serial_shops, nicolae_shop_statue_plus, stair_cage_line
D:10:     dpeg_lair_monsters, minmay_variable_closet, minmay_statue_bubble,
          uniq_fannar
D:11:     lemuel_flamethrower_hall, uniq_erolcha
D:12:     minmay_tri_box, david_orc_4, lab_entry_generic, basic_altar,
          uniq_frances
D:13:     serial_undead, serial_undead_c, serial_undead_c, serial_undead_d,
          serial_undead_b, serial_undead_d, serial_undead_c, uniq_maurice,
          uniq_kirke
Lab:      labyrinth_spiral, labyrinth_skeletal_remains, nicolae_lab_arrow,
          lab_hedge, nicolae_lab_do_over
Sewer:    sewer_co_purgy_island

Skill      XL: |  1  2  3  4  5  6  7  8  9 |
---------------+----------------------------+-----
Fighting       | 4 5 6 7 8 |  8.4
Axes           | 5 6 7 9 11 | 11.8
Armour         | 3 4 5 6 7 |  7.1
Dodging        | |  1.5

Action                   |  1- 3 |  4- 6 |  7- 9 || total
-------------------------+-------+-------+-------++-------
Melee: Hand axe          |    44 |    89 |    80 ||   213
       War axe           |       |       |    58 ||    58
       Kick              |       |       |    13 ||    13
Throw: Throwing net      |       |       |     1 ||     1
Invok: Berserk           |     3 |     3 |    11 ||    17
       Trog's Hand       |       |     1 |    10 ||    11
       Burn Spellbooks   |       |       |     1 ||     1
Evoke: Wand              |       |       |     6 ||     6
       Fan of gales      |       |       |     1 ||     1
  Use: Potion            |     1 |       |     6 ||     7
       Scroll            |       |     2 |     9 ||    11
 Stab: Sleeping          |     1 |       |       ||     1
  Eat: Chunk             |       |     2 |    20 ||    22
       Fruit             |       |     2 |       ||     2
       Pizza             |       |     1 |     1 ||     2
       Beef jerky        |       |       |     6 ||     6
Armor: Animal skin       |    14 |       |       ||    14
       Chain mail        |    12 |    56 |    93 ||   161
       Troll hide        |       |       |     2 ||     2
       Skin              |       |       |     1 ||     1
Dodge: Dodged            |    39 |    37 |   111 ||   187
